 Dungeon Crawl Stone Soup version 0.19-a0-1907-gcff654f (webtiles) character file.

5979 JeffiDaFish the Skirmisher (level 10, -20/88 HPs)
             Began as a Hill Orc Fighter on Oct 21, 2016.
             Was a Priest of Beogh.
             Demolished by a hill giant
             ... wielding a +0 giant club
              (24 damage)
             ... on level 10 of the Dungeon.
             The game lasted 00:30:16 (9356 turns).

JeffiDaFish the Skirmisher (Hill Orc Fighter)       Turns: 9356, Time: 00:30:17

Health: -20/88     AC: 10    Str: 22    XL:     10   Next: 85%
Magic:  15/15      EV:  6    Int:  8    God:    Beogh [***...]
Gold:   380        SH: 11    Dex: 11    Spells: 3 memorised, 14 levels left

rFire  . . .     SeeInvis .     D - +2 double sword (elec)
rCold  . . .     Gourm    .     g - +0 chain mail
rNeg   . . .     Faith    .     c - +0 shield
rPois  +         Spirit   .     (no helmet)
rElec  .         Reflect  .     (no cloak)
rCorr  +         Harm     .     (no gloves)
MR     ++...                    (no boots)
Stlth  ..........               t - amulet of regeneration
                                (no ring)
                                C - ring "Wajepous" {rCorr *Drain MR++ Stlth+}

@: no status effects
A: hooves 1, low mp 1, poison resistance
a: Smiting, Renounce Religion


You were on level 10 of the Dungeon.
You worshipped Beogh.
Beogh was most pleased with you.
You were not hungry.

You visited 1 branch of the dungeon, and saw 10 of its levels.
You also visited: Ossuary.

You collected 462 gold pieces.
You spent 82 gold pieces at shops.

Inventory:

Hand Weapons
 a - a +2 trident
 z - the +2 glaive of Koawanoah {chop, rPois Int+4 Stlth-}
   (You found it on level 9 of the Dungeon)

   It inflicts extra damage upon your enemies.
   It affects your intelligence (+4).
   It protects you from poison.
   It makes you less stealthy.
 D - a +2 double sword of electrocution (weapon)
Missiles
 q - 72 arrows
Armour
 c - a +0 shield (worn)
 g - a +0 chain mail (worn)
Jewellery
 t - an amulet of regeneration (around neck)
 C - the ring "Wajepous" (left hand) {rCorr *Drain MR++ Stlth+}
   (You found it on level 8 of the Dungeon)

   [ring of resist corrosion]

   It affects your resistance to hostile enchantments.
   It causes draining when unequipped.
   It makes you more stealthy.
Wands
 s - a wand of lightning (7/15)
 w - a wand of disintegration (6/24)
Scrolls
 d - a scroll of identify
 h - 3 scrolls of recharging
 m - a scroll of fear
 n - 4 scrolls of teleportation
 o - 3 scrolls of remove curse
 v - a scroll of magic mapping
 y - 3 scrolls of amnesia
Potions
 b - 5 potions of curing
 l - 3 potions of flight
 r - a potion of brilliance
 x - 2 potions of lignification
Books
 e - a book of Necromancy

   Spells                             Type                      Level
   a - Pain                           Necromancy                   1
   b - Animate Skeleton               Necromancy                   1
   c - Vampiric Draining              Necromancy                   3
   d - Regeneration                   Charms/Necromancy            3
   e - Animate Dead                   Necromancy                   4
   f - Control Undead                 Necromancy                   4
 p - a book of Minor Magic

   Spells                             Type                      Level
   a - Magic Dart                     Conjuration                  1
   b - Blink                          Translocation                2
   c - Call Imp                       Summoning                    2
   d - Repel Missiles                 Charms/Air                   2
   e - Slow                           Hexes                        2
   f - Conjure Flame                  Conjuration/Fire             3
   g - Mephitic Cloud                 Conjuration/Poison/Air       3
 u - a book of Changes

   Spells                             Type                      Level
   a - Beastly Appendage              Transmutation                1
   b - Sticks to Snakes               Transmutation                2
   c - Spider Form                    Transmutation/Poison         3
   d - Ice Form                       Ice/Transmutation            4
   e - Blade Hands                    Transmutation                5
 B - a Young Poisoner's Handbook

   Spells                             Type                      Level
   a - Sting                          Conjuration/Poison           1
   b - Mephitic Cloud                 Conjuration/Poison/Air       3
   c - Olgreb's Toxic Radiance        Poison                       4
   d - Alistair's Intoxication        Transmutation/Poison         5
   e - Venom Bolt                     Conjuration/Poison           5
Comestibles
 f - 5 bread rations
 i - 6 fruits
 j - 4 beef jerkies
 k - a meat ration
 A - 7 slices of pizza


   Skills:
 + Level 7.7 Fighting
 * Level 0.0 Long Blades
 - Level 7.5 Polearms
 + Level 7.5 Armour
 - Level 0.5 Dodging
 - Level 0.1 Stealth
 + Level 6.9 Shields
 * Level 5.1 Spellcasting
 + Level 4.8 Conjurations
 + Level 3.6 Translocations
 + Level 2.7 Transmutations


You had 14 spell levels left.
You knew the following spells:

 Your Spells              Type           Power        Failure   Level  Hunger
a - Magic Dart            Conj           #...         75%         1    #......
b - Blink                 Tloc           N/A          99%         2    ##.....
c - Sticks to Snakes      Tmut           #.......     99%         2    ##.....


Dungeon Overview and Level Annotations

Branches:
Dungeon (10/15)            Temple (0/1) D:5
   Lair: D:8-11         Orc: D:9-12

Altars:
Cheibriados
Elyvilon
Gozag
Sif Muna
Uskayaw
Vehumet
Xom

Shops:
D:6 ?


Innate Abilities, Weirdness & Mutations

You have large cloven feet.
Your magical capacity is low. (-10% MP)
Your system is resistant to poisons. (rPois)


Message History

You kick the hill giant, but do no damage.
The hill giant is heavily wounded.
The hill giant hits you with a giant club!!
You slash the hill giant!
You kick the hill giant, but do no damage.
The hill giant is severely wounded.
The hill giant hits you but does no damage.
The hill giant hits you with a giant club!!!
* * * LOW HITPOINT WARNING * * *
You are too injured to fight recklessly!
You feel better.
The hill giant hits your orc warrior with a giant club!!
Your orc warrior dies!
The hill giant hits you with a giant club!!
* * * LOW HITPOINT WARNING * * *
You slash the hill giant!
You kick the hill giant, but do no damage.
The hill giant is almost dead.
The hill giant hits you with a giant club!!
You die...

#.# #.#
#.#
##.#
#..#
#.##
#.# #.#
#@# #C#
#.#
##.#
#..#
#)##
#.....#
#....%+
#.....#


You could see a hill giant.

Vanquished Creatures
  Pikel (D:6)
  Joseph (D:8)
  A hornet (D:8)
  A troll (D:9)
  A two-headed ogre (D:8)
  2 hippogriffs (D:8)
  Grinder (D:4)
  3 hogs (D:8)
  A human (D:8)
  A yak (D:8)
  A mottled dragon (D:9)
  A water moccasin (D:8)
  Duvessa (D:6)
  2 slaves (D:6)
  3 sky beasts
  A phantom (D:4)
  2 ice beasts
  A centaur (D:8)
  3 ogres
  2 eyes of draining
  Blork the orc (D:4)
  5 bullfrogs
  Dowan (D:6)
  2 scorpions
  A wight (D:8)
  A howler monkey (D:8)
  4 crimson imps
  7 centaur zombies
  A bullfrog zombie (D:10)
  A human zombie (Ossuary)
  2 bullfrog skeletons
  2 hounds
  An orc priest (D:9)
  2 jellies (D:8)
  8 orc wizards
  Jessica (D:3)
  Natasha (thrice) (D:4)
  A centaur skeleton (D:7)
  An iguana (D:4)
  4 worker ants
  A hound zombie (D:8)
  3 mummies (Ossuary)
  A howler monkey zombie (D:5)
  A worker ant zombie (D:9)
  12 adders
  8 gnolls
  A shadow imp (D:5)
  An adder zombie (D:5)
  2 adder skeletons (D:4)
  3 worms
  5 dart slugs
  2 leopard geckos
  10 orcs
  2 giant cockroaches
  A gnoll zombie (Ossuary)
  8 goblins
  3 hobgoblins
  2 jackals (D:7)
  A quokka (D:8)
  2 ball pythons
  2 bats
  3 frilled lizards
  A hobgoblin zombie (Ossuary)
  5 kobolds
  A quokka skeleton (D:4)
  7 rats
167 creatures vanquished.

Vanquished Creatures (collateral kills)
  An orc (D:9)
1 creature vanquished.

Vanquished Creatures (others)
  A two-headed ogre (D:8)
  An orc warrior (D:10)
  A black bear (D:8)
  A centaur (D:8)
  A scorpion (D:8)
  A howler monkey (D:8)
  An iguana (D:8)
  9 orcs
16 creatures vanquished.

Grand Total: 184 creatures vanquished

Notes
Turn   | Place    | Note
-------+----------+-------------------------------------------
     0 | D:1      | JeffiDaFish the Hill Orc Fighter began the quest for the Orb.
     0 | D:1      | Reached XP level 1. HP: 19/19 MP: 1/1
   102 | D:1      | Reached XP level 2. HP: 23/27 MP: 2/2
   347 | D:1      | Reached XP level 3. HP: 33/33 MP: 3/3
   855 | D:2      | Reached XP level 4. HP: 40/40 MP: 4/4
  2184 | D:3      | Noticed Jessica
  2199 | D:3      | Killed Jessica
  2199 | D:3      | Reached XP level 5. HP: 27/46 MP: 5/5
  2679 | D:3      | Became a worshipper of Beogh the Brigand
  2808 | D:3      | Gained mutation: Your system is resistant to poisons. (rPois) [potion of mutation]
  2808 | D:3      | Gained mutation: Your magical capacity is low. (-10% MP) [potion of mutation]
  2808 | D:3      | Gained mutation: You have large cloven feet. [potion of mutation]
  2911 | D:4      | Noticed Blork the orc
  2966 | D:4      | Killed Blork the orc
  2966 | D:4      | Reached XP level 6. HP: 28/55 MP: 5/5
  3458 | D:4      | Noticed Grinder
  3464 | D:4      | Paralysed by Grinder for 4 turns
  3470 | D:4      | HP: 2/55 [Grinder/nerve-wracking pain (13)]
  3472 | D:4      | Paralysed by Grinder for 2 turns
  3475 | D:4      | Killed Grinder
  3475 | D:4      | Reached skill level 5 in Fighting
  3475 | D:4      | Reached skill level 5 in Polearms
  3475 | D:4      | Reached skill level 5 in Armour
  3475 | D:4      | Reached XP level 7. HP: 3/61 MP: 6/6
  3766 | D:4      | Learned a level 1 spell: Magic Dart
  3769 | D:4      | Learned a level 2 spell: Blink
  3871 | D:4      | Reached skill level 5 in Shields
  3871 | D:4      | Reached skill level 1 in Spellcasting
  3871 | D:4      | Reached skill level 1 in Conjurations
  4054 | D:4      | Reached skill level 1 in Translocations
  4324 | D:4      | Noticed Natasha
  4337 | D:4      | Killed Natasha
  4431 | D:4      | Noticed Natasha
  4442 | D:4      | Killed Natasha
  4442 | D:4      | Reached XP level 8. HP: 61/69 MP: 9/9
  4447 | D:4      | Noticed Natasha
  4454 | D:4      | Killed Natasha
  4524 | D:5      | Entered Level 5 of the Dungeon
  4570 | D:5      | Learned a level 2 spell: Sticks to Snakes
  4624 | D:5      | Reached * piety under Beogh
  5228 | D:5      | Found a staircase to the Ecumenical Temple.
  5418 | D:6      | Noticed Duvessa
  5418 | D:6      | Noticed Dowan
  5435 | D:6      | Killed Duvessa
  5447 | D:6      | Killed Dowan
  5537 | D:6      | Noticed Pikel
  5602 | D:6      | Killed Pikel
  5602 | D:6      | Reached skill level 1 in Transmutations
  5602 | D:6      | Reached XP level 9. HP: 47/75 MP: 10/12
  5675 | D:6      | Found Xodgharagg's Magic Scroll Boutique.
  5680 | D:6      | Bought a scroll of enchant weapon for 82 gold pieces
  5813 | D:6      | Found a deep blue altar of Sif Muna.
  5813 | D:6      | Found a radiant altar of Vehumet.
  5818 | D:6      | Found a white marble altar of Elyvilon.
  5820 | D:6      | Found a snail-covered altar of Cheibriados.
  5822 | D:6      | Found a hide-covered altar of Uskayaw.
  6067 | D:7      | Reached ** piety under Beogh
  6253 | D:7      | Found a sand-covered staircase.
  6261 | Ossuary  | Entered an ossuary
  6746 | D:7      | Found an opulent altar of Gozag.
  7165 | D:8      | Reached XP level 10. HP: 32/86 MP: 14/14
  7576 | D:8      | Reached *** piety under Beogh
  7626 | D:8      | Got a sparkling pewter ring
  7627 | D:8      | Identified the ring "Wajepous" {rCorr *Drain MR++ Stlth+} (You found it on level 8 of the Dungeon)
  7847 | D:8      | Noticed Joseph
  7862 | D:8      | Killed Joseph
  8150 | D:8      | Found a shimmering altar of Xom.
  8402 | D:9      | Reached skill level 5 in Spellcasting
  8923 | D:9      | Got an ichor-stained glaive
  8929 | D:9      | Identified the +2 glaive of Koawanoah {chop, rPois Int+4 Stlth-} (You found it on level 9 of the Dungeon)
  9171 | D:10     | Entered Level 10 of the Dungeon
  9282 | D:10     | Identified a scroll of acquirement
  9342 | D:10     | Noticed a hill giant
  9355 | D:10     | HP: 3/88 [hill giant/giant club (18)]
  9356 | D:10     | Demolished by a hill giant

Vault maps used:
D:1:      scummos_arrival_simple_fountains, minmay_misc_feat_iff
D:3:      uniq_jessica
D:4:      grunt_ministairs_2, uniq_natasha, uniq_blork_the_orc, uniq_grinder
D:5:      minmay_diamond_boxcup, first_bread, minmay_misc_feat_encased
D:6:      chequers_temple_overflow_minitemple, serial_shops, shop,
          solitary_fountain, uniq_duvessa, uniq_pikel
D:7:      kennysheep_little_box, nicolae_ossuary_entry_plus
D:8:      xom_confusion_cloud, grunt_livestock, uniq_joseph
D:9:      small_chamber_with_monster
D:10:     dpeg_lair_monsters, orc_0_dummy, kennysheep_small_square
Ossuary:  ossuary_crypta

Skill      XL: |  1  2  3  4  5  6  7  8  9 10 |
---------------+-------------------------------+-----
Fighting       | 4 5 6 7 |  7.7
Polearms       | 3 4 5 6 7 |  7.5
Shields        | 4 5 6 |  6.9
Armour         | 4 5 6 7 |  7.5
Spellcasting   | 1 3 4 5 |  5.1
Conjurations   | 1 3 4 |  4.8
Translocations | 1 2 3 |  3.6
Transmutations | 1 2 |  2.7
Dodging        | |  0.5
Stealth        | |  0.1

Action                   |  1- 3 |  4- 6 |  7- 9 | 10-12 || total
-------------------------+-------+-------+-------+-------++-------
Melee: Trident           |    67 |   199 |   510 |   208 ||   984
       Kick              |       |    10 |   141 |    69 ||   220
       Glaive            |       |       |       |     8 ||     8
       Double sword      |       |       |       |     5 ||     5
Invok: Convert to Beogh  |       |     1 |       |       ||     1
  Use: Scroll            |     6 |     3 |     7 |     4 ||    20
       Potion            |     1 |     7 |     3 |     6 ||    17
  Eat: Chunk             |       |     8 |     4 |     2 ||    14
       Bread ration      |       |       |     1 |       ||     1
       Fruit             |       |       |     1 |       ||     1
       Meat ration       |       |       |     1 |       ||     1
       Beef jerky        |       |       |       |     2 ||     2
       Pizza             |       |       |       |     1 ||     1
Armor: Chain mail        |    26 |    82 |   150 |    75 ||   333
Dodge: Dodged            |    13 |    45 |    74 |    41 ||   173
Block: Shield            |    23 |    94 |   181 |   118 ||   416
